 Dungeon Crawl Stone Soup version 0.18-a0-1805-g8ab820f (webtiles) character file.

73 manas the Shield-Bearer (level 4, -5/28 HPs)
             Began as a Gargoyle Fighter on Apr 26, 2016.
             Killed from afar by an orc wizard (14 damage)
             ... with a puff of frost
             ... on level 3 of the Dungeon.
             The game lasted 00:14:27 (2300 turns).

manas the Shield-Bearer (Gargoyle Fighter)          Turns: 2300, Time: 00:14:28

Health: -5/28      AC: 10    Str: 21    XL:     4   Next: 27%
Magic:  4/4        EV:  7    Int:  8    God:
Gold:   48         SH:  9    Dex:  9    Spells: 0 memorised, 3 levels left

rFire  . . .     SeeInvis .     a - +0 flail
rCold  . . .     Gourm    .     b - +0 scale mail
rNeg   + . .     Faith    .     c - +0 shield
rPois  ∞         Spirit   .     (no helmet)
rElec  +         Dismiss  +     (no cloak)
rCorr  .         Reflect  .     (no gloves)
SustAt +         Harm     .     (no boots)
MR     .....                    o - amulet of dismissal
Stlth  ..........               (no ring)
                                p - ring of sustain attributes

@: not resistant to hostile enchantments, extremely unstealthy
A: negative energy resistance 1, electricity resistance, unbreathing,
petrification resistance, rot immunity, AC +3
a: no special abilities


You were on level 3 of the Dungeon.
You were not hungry.

You visited 1 branch of the dungeon, and saw 3 of its levels.

You collected 48 gold pieces.

Inventory:

Hand Weapons
 a - a +0 flail (weapon)
Armour
 b - a +0 scale mail (worn)
 c - a +0 shield (worn)
Jewellery
 o - an amulet of dismissal (around neck)
 p - a ring of sustain attributes (left hand)
Scrolls
 e - a scroll of noise {unknown}
 g - 3 scrolls of remove curse {unknown}
 j - 4 scrolls of identify {unknown}
 l - a scroll of amnesia {unknown}
 m - a scroll of magic mapping {unknown}
Potions
 d - a potion of might
 h - a potion of heal wounds {unknown}
 i - a potion of lignification {unknown}
 q - a potion of curing {unknown}
Comestibles
 f - a bread ration
 k - a royal jelly
 n - 3 fruits


   Skills:
 + Level 3.5 Fighting
 + Level 2.2 Maces & Flails
 + Level 4.0 Armour
 + Level 1.0 Dodging
 + Level 4.1 Shields


You had 3 spell levels left.
You didn't know any spells.

Dungeon Overview and Level Annotations

Branches:
Dungeon (3/15)

Altars:
Pakellas
Ru


Innate Abilities, Weirdness & Mutations

You are resistant to torment.
Your stone body is resilient (AC +3).
You are immune to poison.
You resist negative energy.
You are resistant to electric shocks.
You can survive without breathing.
You are immune to petrification.
You are immune to rotting.


Message History

The puff of flame misses you.
You closely miss the orc.
The orc is lightly wounded.
The orc closely misses you.
You closely miss the orc.
The orc is lightly wounded.
The orc hits you but does no damage. The orc wizard hits you with a dagger.
The orc hits you but does no damage. You block the orc's attack. x2
The orc wizard casts a spell at you. The puff of flame hits you!
The orc wizard miscasts a cantrip.
The orc wizard gestures at you while chanting.
The puff of frost hits you! The orc hits you but does no damage.
An orc priest comes into view. It is wielding a short sword.
The orc priest shouts!
The orc wizard gestures at you while chanting.
The puff of frost hits you!
Ouch! That really hurt!
You die...

##### #<..######
#......... # ###
#...##### .. ..#
##@## #. #.# #o#
.#.. #.# ##o# .....
#.###oo#####
......#.##.o.....#
.......%.....###....
.............# ##
.......o######
....##..#


You could see an orc wizard and 4 orcs.

Vanquished Creatures
  2 adders (D:2)
  An ooze (D:1)
  2 worms (D:2)
  A dart slug (D:2)
  A giant gecko (D:2)
  A ball python (D:1)
  2 giant cockroaches (D:2)
  3 goblins (D:1)
  5 hobgoblins
  6 kobolds
  A quokka (D:2)
  6 bats
  10 rats
41 creatures vanquished.

Notes
Turn   | Place    | Note
--------------------------------------------------------------
     0 | D:1      | manas the Gargoyle Fighter began the quest for the Orb.
     0 | D:1      | Reached XP level 1. HP: 14/14 MP: 1/1
   194 | D:1      | Reached XP level 2. HP: 17/19 MP: 2/2
   854 | D:1      | Reached XP level 3. HP: 23/23 MP: 3/3
   909 | D:2      | Found an oddly glowing altar of Pakellas.
  1504 | D:2      | Reached XP level 4. HP: 18/28 MP: 4/4
  1718 | D:2      | Found a sacrificial altar of Ru.
  1769 | D:2      | Reached skill level 1 in Dodging
  2300 | D:3      | Killed from afar by an orc wizard

Vault maps used:
D:1:      evilmike_arrival_plus
D:2:      nicolae_overflow_crystal_walls, dk_noncrumbling_4,
          grunt_pakellas_mercury
D:3:      overflow_temple_1_default, grunt_temple_overflow_open,
          ecumenical_altar_1, small_statue_intersection, uniq_robin

Skill      XL: |  1  2  3  4 |
---------------+-------------+-----
Armour         | 4 |  4.0
Shields        | 4 |  4.1
Dodging        | 1 |  1.0
Fighting       | |  3.5
Maces & Flails | |  2.2

Action                   |  1- 3 |  4- 6 || total
-------------------------+-------+-------++-------
Melee: Flail             |   163 |    46 ||   209
  Eat: Bread ration      |     1 |       ||     1
Armor: Scale mail        |   146 |    63 ||   209
Dodge: Dodged            |    78 |    40 ||   118
Block: Shield            |   137 |    55 ||   192
